 Dungeon Crawl Stone Soup version 0.25.0-11-g1f837a76a1 (webtiles) character file.

Game seed: 7578543615112964861

2445 mopl the Gouger (level 9, 0/42 HPs)
             Began as a Felid Abyssal Knight on June 25, 2020.
             Was an Elder of Lugonu.
             Slain by a killer bee (7 damage)
             ... on level 11 of the Dungeon.
             The game lasted 00:16:34 (9818 turns).

mopl the Gouger (Felid Abyssal Knight)              Turns: 9818, Time: 00:16:35

Health: 0/42       AC:  2    Str:  8    XL:     9   Next: 25%
Magic:  13/14      EV: 19    Int: 15    God:    Lugonu [****..]
Gold:   135        SH:  0    Dex: 18    Spells: 6/14 levels left
                                        Lives:  0   Deaths: 3

rFire    . . .     SeeInvis +     - Unarmed
rCold    . . .     Gourm    .   (shield unavailable)
rNeg     . . .     Faith    +   (armour unavailable)
rPois    .         Spirit   .   (helmet unavailable)
rElec    .         Reflect  .   (cloak unavailable)
rCorr    +         Harm     .   (gloves unavailable)
MR       ++...                  (boots unavailable)
Stlth    ++++......             G - amulet of faith
HPRegen  0.14/turn              c - ring of protection from magic
MPRegen  0.14/turn              A - ring of resist corrosion

@: about to teleport, quick
A: very small, no armour, no weapons or thrown items, stealth, claws 1, fangs 3,
see invisible, carnivore, speed 1, shaggy fur 2, slow metabolism 1, sharp paws
a: Depart the Abyss, Bend Space, Banish, Corrupt, Renounce Religion


You were on level 11 of the Dungeon.
You worshipped Lugonu.
Lugonu was greatly pleased with you.
You were not hungry.

You visited 1 branch of the dungeon, and saw 9 of its levels.
You visited the Abyss 1 time.

You collected 387 gold pieces.
You spent 252 gold pieces at shops.

Inventory:

Jewellery
 c - a ring of protection from magic (left paw)
 f - an uncursed ring of positive energy
 u - a +6 ring of dexterity
 A - a ring of resist corrosion (right paw)
 G - an amulet of faith (around neck)
Wands
 i - a wand of random effects (6)
 l - a wand of iceblast (21)
 p - a wand of polymorph (8)
 x - a wand of digging (7)
 z - a wand of disintegration (14)
Scrolls
 b - 4 scrolls of teleportation
 e - 5 scrolls of remove curse
 h - 2 scrolls of immolation {unknown}
 j - 4 scrolls of amnesia
 m - 2 scrolls of magic mapping {unknown}
 s - 2 scrolls of noise {unknown}
 t - 3 scrolls of fog
 y - 2 scrolls of holy word {unknown}
 C - a scroll of vulnerability
Potions
 d - 2 potions of brilliance
 k - a potion of haste
 n - 5 potions of curing
 r - a potion of flight
 v - a potion of stabbing
 w - 2 potions of lignification
 D - 2 potions of mutation
Comestibles
 a - 12 rations
 o - a chunk of flesh


   Skills:
 + Level 6.3 Fighting
 - Level 3.2 Dodging
 + Level 7.9 Stealth
 * Level 8.3 Unarmed Combat
 + Level 3.1 Spellcasting
 * Level 7.4 Hexes
 - Level 3.0 Ice Magic
 + Level 5.8 Invocations
 + Level 5.1 Evocations


You had 6 spell levels left.
You knew the following spells:

 Your Spells              Type           Power        Failure   Level  Hunger
b - Ensorcelled Hibernat  Hex/Ice        ###...       3%          2    ##.....
c - Confusing Touch       Hex            ###.....     2%          3    ###....
d - Tukima's Dance        Hex            ###.....     2%          3    ###....

Your spell library contained the following spells:

 Spells                   Type           Power        Failure   Level  Hunger
 Corona                   Hex            ###....      1%          1    #......
 Dazzling Flash           Conj/Hex       ##....       13%         3    ###....


Dungeon Overview and Level Annotations

Branches:
Dungeon (8/15)             Temple (0/1) D:4
   Lair: D:8-11

Altars:
Dithmenos
Hepliaklqana
Makhleb
Okawaru
Uskayaw
Wu Jian
Xom
Zin

Shops:
D:7 =?%

Portals:
Ice
Cave: D:11

Annotations:
D:7 exclusion: cyclops
D:11 Josephine


Innate Abilities, Weirdness & Mutations

You cannot wear armour.
You are incapable of wielding weapons or throwing items.
Your paws allow you to move quietly. (Stealth)
You have sharp claws.
You have razor-sharp teeth.
You have supernaturally acute eyesight. (SInv)
You are carnivorous and can eat meat at any time.
You cover ground quickly.
You are covered in thick fur. (AC +2)
You have a slow metabolism.
Your sharp claws are effective at attacking unaware monsters.


Message History

The white imp shouts, "Flee, thou loggerheaded two-tin-hat whey-face!"
The yak bellows!
Found a scroll of amnesia.
Unknown command.
As you read the scroll of teleportation, it crumbles to dust.
You feel strangely unstable.
The yak bellows!
You hear a bellow!
The killer bee barely misses you.
A yak comes into view.
The white imp gestures at you. The puff of frost hits you!
* * * LOW HITPOINT WARNING * * *
The white imp gestures at you. The puff of frost misses you.
The white imp gestures at you. The puff of frost hits you.
* * * LOW HITPOINT WARNING * * *
A yak comes into view.
The killer bee stings you!
You die...

#......?.YY #.....
#...5.5zYYY . #.....
#...5....5 .#.....
#....555. .#.....
#.55.5.# ......
#5.....########.....
#.........†yzz......
#..@.....†.J.†......
#####.5ya.######+###....
#.....z...# #....
#.........# #....
####..z...# #....
#..@W..# #.### #......#
#####.#
#......######.....#
#.................#


You could see Josephine, 5 yaks, a wraith, a worker ant, a killer bee, 3 wights
and 12 white imps.

Vanquished Creatures
  An unseen horror (D:11)
  Pikel (D:6)
  A manticore (D:11)
  An ugly thing (D:11)
  A hornet (D:11)
  2 trolls
  Sigmund (D:3)
  A wraith (D:11)
  Duvessa (D:4)
  2 ogres
  A phantom (D:6)
  5 centaurs
  5 bullfrogs
  Dowan (D:4)
  4 scorpions
  A killer bee (D:11)
  A howler monkey (D:4)
  A bullfrog zombie (D:5)
  4 crimson imps
  A quasit (D:7)
  A jelly (D:11)
  A hound (D:5)
  An orc priest (D:11)
  An orc wizard (D:4)
  Crazy Yiuf (D:3)
  A bullfrog skeleton (D:4)
  2 iguanas
  Jessica (D:2)
  Ijyb (D:3)
  Natasha (thrice) (D:3)
  9 worker ants
  A howler monkey zombie (D:11)
  A worker ant zombie (D:7)
  9 adders
  4 gnolls
  An adder skeleton (D:4)
  4 worms
  A dart slug (D:3)
  4 leopard geckos
  18 orcs
  4 ball pythons
  6 giant cockroaches
  9 goblins
  9 hobgoblins
  7 jackals
  6 quokkas
  17 bats
  5 frilled lizards
  A jackal skeleton (D:5)
  13 kobolds
  6 rats
184 creatures vanquished.

Vanquished Creatures (others)
  A necrophage (D:6)
  A slave (D:6)
  A hound zombie (D:6)
  A bat (D:1)
4 creatures vanquished.

Grand Total: 188 creatures vanquished

Notes
Turn   | Place    | Note
-------+----------+-------------------------------------------
     0 | Abyss:1  | mopl the Felid Abyssal Knight began the quest for the Orb.
     0 | Abyss:1  | Reached XP level 1. HP: 10/10 MP: 3/3
    23 | Abyss:1  | Noticed a guardian serpent
    31 | D:1      | Escaped the Abyss
   205 | D:1      | Reached skill level 1 in Stealth
   205 | D:1      | Reached XP level 2. HP: 10/14 MP: 4/4
   386 | D:1      | Reached ** piety under Lugonu
   411 | D:1      | Reached XP level 3. HP: 17/17 MP: 5/5
  1571 | D:2      | Reached skill level 3 in Unarmed Combat
  2184 | D:2      | Reached XP level 4. HP: 21/21 MP: 6/6
  2215 | D:2      | Noticed a centaur
  2224 | D:2      | Killed a centaur
  2224 | D:2      | Reached XP level 5. HP: 22/25 MP: 6/8
  2234 | D:2      | Noticed Jessica
  2549 | D:2      | HP: 1/25 [bat (1)]
  2554 | D:2      | Slain by a bat
  2555 | D:2      | Reached XP level 4. HP: 0/22 MP: 7/7
  2596 | D:2      | Killed Jessica
  3087 | D:3      | Found a burning altar of Makhleb.
  3087 | D:3      | Found an iron altar of Okawaru.
  3089 | D:3      | Found a hide-covered altar of Uskayaw.
  3091 | D:3      | Found a shadowy altar of Dithmenos.
  3092 | D:3      | Found a hazy altar of Hepliaklqana.
  3097 | D:3      | Reached skill level 4 in Unarmed Combat
  3167 | D:3      | Reached XP level 5. HP: 18/25 MP: 8/8
  3179 | D:3      | Reached *** piety under Lugonu
  3298 | D:3      | Noticed Ijyb
  3300 | D:3      | Killed Ijyb
  3522 | D:3      | Noticed Sigmund
  3857 | D:3      | Noticed Natasha
  3873 | D:3      | Killed Natasha
  3999 | D:3      | Noticed Natasha
  4112 | D:3      | Killed Natasha
  4244 | D:3      | Killed Sigmund
  4244 | D:3      | Reached skill level 1 in Evocations
  4244 | D:3      | Gained mutation: You are covered in thick fur. (AC +2)
                  | [Felid growth]
  4244 | D:3      | Reached XP level 6. HP: 28/28 MP: 9/9
  4312 | D:3      | Noticed Natasha
  4327 | D:3      | Killed Natasha
  4582 | D:3      | Found a runed translucent door.
  4583 | D:3      | Noticed Crazy Yiuf
  4592 | D:3      | Killed Crazy Yiuf
  4592 | D:3      | Reached skill level 5 in Unarmed Combat
  4745 | D:4      | Found a staircase to the Ecumenical Temple.
  4819 | D:4      | Reached XP level 7. HP: 14/33 MP: 10/10
  4992 | D:4      | Noticed Duvessa
  4992 | D:4      | Noticed Dowan
  5054 | D:4      | Killed Dowan
  5175 | D:4      | Noticed Edmund
  5191 | D:3      | Noticed Edmund
  5191 | D:3      | Edmund changed into Edmund the centaur
  5198 | D:3      | Slain by Edmund the centaur
  5199 | D:3      | Reached XP level 6. HP: -1/29 MP: 9/9
  5210 | D:3      | Killed Edmund the centaur
  5404 | D:4      | Reached skill level 5 in Stealth
  5448 | D:4      | Reached XP level 7. HP: 21/33 MP: 11/11
  5870 | D:4      | Killed Duvessa
  5870 | D:4      | Reached skill level 5 in Fighting
  5870 | D:4      | Reached skill level 6 in Unarmed Combat
  6075 | D:5      | Entered Level 5 of the Dungeon
  6473 | D:5      | Learned a level 2 spell: Ensorcelled Hibernation
  6514 | D:5      | Found a shimmering altar of Xom.
  6514 | D:5      | Found a glowing silver altar of Zin.
  6514 | D:5      | Noticed an angel
  6528 | D:5      | Reached **** piety under Lugonu
  6528 | D:5      | Reached skill level 1 in Hexes
  6942 | D:5      | Reached XP level 8. HP: 35/37 MP: 12/12
  7322 | D:6      | Noticed Pikel
  7331 | D:6      | Killed Pikel
  7331 | D:6      | Reached skill level 1 in Spellcasting
  7331 | D:6      | Reached skill level 1 in Ice Magic
  7603 | D:6      | Found a hazy altar of Hepliaklqana.
  7906 | D:6      | Reached skill level 7 in Unarmed Combat
  7906 | D:6      | Reached skill level 5 in Invocations
  7936 | D:6      | Learned a level 3 spell: Confusing Touch
  7940 | D:6      | Learned a level 3 spell: Tukima's Dance
  8228 | D:7      | Found Peuptola's Magic Scroll Shop.
  8463 | D:7      | Reached XP level 9. HP: 33/40 MP: 13/13
  8716 | D:7      | Bought a scroll of random uselessness for 13 gold pieces
  8716 | D:7      | Bought a scroll of fear for 45 gold pieces
  8716 | D:7      | Bought a scroll of fog for 26 gold pieces
  8716 | D:7      | Bought a scroll of vulnerability for 97 gold pieces
  8716 | D:7      | Bought a scroll of amnesia for 45 gold pieces
  8716 | D:7      | Bought a scroll of identify for 26 gold pieces
  8719 | D:7      | Found Zattuk's Jewellery Shoppe.
  8719 | D:7      | Found an ornate altar of the Wu Jian Council.
  8745 | D:7      | Noticed a cyclops
  9069 | D:7      | Found Ustreq's Food Emporium.
  9175 | D:7      | Noticed a troll
  9182 | D:7      | Killed a troll
  9182 | D:7      | Reached skill level 5 in Hexes
  9462 | D:8      | You fall into a shaft and drop 3 floors!
  9478 | D:11     | Noticed an unseen horror
  9487 | D:11     | Killed an unseen horror
  9491 | D:11     | Noticed a manticore
  9499 | D:11     | Killed a manticore
  9544 | D:11     | Reached skill level 8 in Unarmed Combat
  9562 | D:11     | Noticed a troll
  9566 | D:11     | Killed a troll
  9566 | D:11     | Reached XP level 10. HP: 34/45 MP: 9/15
  9650 | D:11     | Reached skill level 5 in Evocations
  9695 | D:11     | Noticed a purple ugly thing
  9718 | D:11     | Killed a purple ugly thing
  9720 | D:11     | HP: 2/67 [acid (2)]
  9720 | D:11     | Slain by a killer bee
  9721 | D:11     | Reached XP level 9. HP: -2/61 MP: 14/14
  9733 | D:11     | Noticed a two-headed ogre
  9809 | D:11     | Noticed Josephine
  9816 | D:11     | Found a frozen archway.
  9818 | D:11     | Slain by a killer bee

Illustrated notes

Levels and vault maps discovered:
D:1:      dpeg_arrival_orchard, layout_loops_corners, minmay_misc_feat_alley,
          minmay_pentomino_x4
D:2:      layout_basic, uniq_jessica
D:3:      layout_basic, grunt_temple_overflow_open, first_ration, uniq_natasha,
          uniq_crazy_yiuf_cottage, uniq_ijyb, uniq_sigmund
D:4:      layout_gridville, minmay_temple_entry_crystal_x, kennysheep_dice,
          uniq_edmund, uniq_duvessa
D:5:      layout_basic, grunt_temple_overflow_order_and_chaos_1
D:6:      layout_basic, basic_altar, uniq_pikel
D:7:      layout_rooms, lemuel_crystal_altar, serial_shops, nicolae_shop_stone,
          shop, nicolae_shop_window_shopping, minmay_misc_feat_rows
D:8:      layout_cave_pools, fedhas_altar_1
D:11:     layout_irregular_city, portal_ice_cave_entry_imps, serial_shops,
          shop_statue, david_nohive_1, minmay_misc_feat_hallway, uniq_psyche,
          uniq_josephine

Skill      XL: |  1  2  3  4  5  6  7  8  9 10 |
---------------+-------------------------------+-----
Stealth        | 1 2 4 5 6 7 |  7.9
Invocations    | 2 3 4 5 |  5.8
Unarmed Combat | 3 4 5 6 7 8 |  8.3
Fighting       | 4 5 6 |  6.3
Evocations     | 1 3 4 5 |  5.1
Hexes          | 1 4 6 7 |  7.4
Spellcasting   | 1 2 3 |  3.1
Ice Magic      | 1 2 3 |  3.0
Dodging        | |  3.2

Action                   |  1- 3 |  4- 6 |  7- 9 | 10-12 || total
-------------------------+-------+-------+-------+-------++-------
Melee: Unarmed           |   126 |   211 |   259 |    33 ||   629
       Bite              |     7 |    23 |    21 |     1 ||    52
       Punch             |     2 |     4 |     5 |       ||    11
 Cast: Ensorcelled Hiber |       |       |    18 |     3 ||    21
       Confusing Touch   |       |       |       |     1 ||     1
Evoke: Wand              |       |    13 |     9 |     2 ||    24
  Use: Scroll            |     1 |     5 |     6 |     2 ||    14
       Potion            |       |     1 |     1 |     4 ||     6
 Stab: Sleeping          |    10 |    13 |    26 |     2 ||    51
       Distracted        |       |       |     2 |       ||     2
  Eat: Chunk             |    10 |    12 |    13 |     1 ||    36
Armor: Skin              |    12 |     6 |    15 |    51 ||    84
Dodge: Dodged            |   160 |   179 |   188 |    27 ||   554
